 Dungeon Crawl Stone Soup version 0.24-a0-699-g5a66b1aa3b (webtiles) character file.

Game seed: 13923369054173228348, levelgen mode: deterministic

53 Marnok the Shield-Bearer (level 3, -1/33 HPs)
             Began as a Minotaur Fighter on Sept 29, 2019.
             Slain by a hobgoblin (2 damage)
             ... on level 2 of the Dungeon.
             The game lasted 00:02:37 (606 turns).

Marnok the Shield-Bearer (Minotaur Fighter)          Turns: 606, Time: 00:02:37

Health: -1/33      AC:  7    Str: 26    XL:     3   Next: 62%
Magic:  2/2        EV:  8    Int:  5    God:
Gold:   78         SH: 10    Dex:  9    Spells: 2/2 levels left

rFire    . . .     SeeInvis .   a - +0 long sword
rCold    . . .     Gourm    .   c - +0 shield
rNeg     . . .     Faith    .   b - +0 scale mail
rPois    .         Spirit   .   (helmet restricted)
rElec    .         Reflect  .   (no cloak)
rCorr    .         Harm     .   (no gloves)
MR       .....                  (no boots)
Stlth    ..........             (no amulet)
HPRegen  0.11/turn              (no ring)
MPRegen  0.08/turn              (no ring)

@: mighty, lethally poisoned (-1 -> -7)
A: retaliatory headbutt, horns 2
a: no special abilities


You were on level 2 of the Dungeon.
You were not hungry.

You visited 1 branch of the dungeon, and saw 2 of its levels.

You collected 78 gold pieces.

Inventory:

Hand Weapons
 a - a +0 long sword (weapon)
 i - a +3 dagger
Missiles
 g - 5 boomerangs (quivered)
Armour
 b - a +0 scale mail (worn)
 c - a +0 shield (worn)
Scrolls
 e - a scroll of enchant weapon {unknown}
 j - a scroll of remove curse {unknown}
 k - a scroll of enchant armour {unknown}
 l - a scroll of amnesia {unknown}
Comestibles
 f - 4 rations


   Skills:
 + Level 4.2 Fighting
 + Level 2.8 Long Blades
 + Level 4.2 Armour
 + Level 0.4 Dodging
 + Level 4.3 Shields


You had 2 spell levels left.
You didn't know any spells.
Your spell library was empty.

Dungeon Overview and Level Annotations

Branches:
Dungeon (2/15)

Altars:
Ashenzari


Innate Abilities, Weirdness & Mutations

You reflexively headbutt those who attack you in melee.
You have a pair of horns on your head.


Message History

The adder is severely wounded.
The adder bites you.
* * * LOW HITPOINT WARNING * * *
You are lethally poisoned!
The adder poisons you!
The hobgoblin hits you but does no damage.
The adder bites you.
* * * LOW HITPOINT WARNING * * *
You barely miss the adder.
The adder is severely wounded.
* * * LOW HITPOINT WARNING * * *
You feel sick. The adder barely misses you.
The hobgoblin hits you but does no damage.
The adder bites you but does no damage. The hobgoblin hits you.
* * * LOW HITPOINT WARNING * * *
You closely miss the adder.
The adder is severely wounded.
* * * LOW HITPOINT WARNING * * *
You feel sick. The adder bites you but does no damage. The hobgoblin hits you.
You die...

......# .#.. ....... ...
.. .......# #.. ##?.
........####.##...
......#..##..#..#
......##..#....##
......†.....#...##### .#
......S@g...........##.#
...(..##...............
..##.................#
....##.............##
.....................# .
#### ....#..........#.##
.# #....#......<...#...
.# #...##......(.......
.# .. #..........###.


You could see an adder and a hobgoblin.

Vanquished Creatures
  2 adders
  2 worms (D:2)
  2 dart slugs
  A leopard gecko (D:1)
  3 bats (D:1)
  3 giant cockroaches (D:1)
  2 goblins (D:1)
  4 hobgoblins
  2 kobolds
  A frilled lizard (D:2)
  2 rats (D:1)
24 creatures vanquished.

Notes
Turn   | Place    | Note
-------+----------+-------------------------------------------
     0 | D:1      | Marnok the Minotaur Fighter began the quest for the Orb.
     0 | D:1      | Reached XP level 1. HP: 19/19 MP: 0/0
   100 | D:1      | Reached XP level 2. HP: 26/27 MP: 1/1
   298 | D:1      | Found a shattered altar of Ashenzari.
   380 | D:1      | Reached XP level 3. HP: 33/33 MP: 2/2
   606 | D:2      | HP: 1/33 [poisoned by an adder]
   606 | D:2      | Slain by a hobgoblin

Levels and vault maps discovered:
D:1:      psy_arrival_statuary, layout_rooms, ashenzari_altar_1
D:2:      layout_rooms, minivault_19

Skill      XL: |  1  2 |
---------------+-------+-----
Fighting       | 4 |  4.2
Armour         | 4 |  4.2
Shields        | 4 |  4.3
Long Blades    | |  2.8
Dodging        | |  0.4

Action                   || total
-------------------------++-------
Melee: Long sword        ||    78
       Headbutt          ||    10
  Use: Potion            ||     1
Armor: Scale mail        ||    56
Dodge: Dodged            ||    28
Block: Shield            ||    57
       Rpst.: Long sword ||     5

Table legend:
 A = Non-vault XP
 B = Vault XP
 C = Vault XP percentage of total XP
 D = Non-vault monster count
 E = Vault monster count
 F = Vault count percentage of total count
                 A         B        C        D         E       F
            +---------+---------+-------+---------+---------+-------
      Total |      76 |       0 |   0.0 |      24 |       0 |   0.0
            +---------+---------+-------+---------+---------+-------
        D:1 |      45 |       0 |   0.0 |      17 |       0 |   0.0
        D:2 |      31 |       0 |   0.0 |       7 |       0 |   0.0
            +---------+---------+-------+---------+---------+-------
